[Event "Titled Tuesday Blitz February 15 Late 2022"]
[White "Mikhalsky, Vladimir"]
[Black "Karttunen, Mika"]
[WhiteFideId "14144352"]
[BlackFideId "502081"]
[WhiteElo "2248"]
[BlackElo "2343"]
[Result "1/2-1/2"]
[Round "07"]
[TimeControl "180+1"]
[Date "2022.02.16"]
[WhiteClock "0:00:08"]
[BlackClock "0:00:10"]

1. c4 e5 2. Nc3 Nf6 3. g3 Bb4 4. Bg2 O-O 5. Qb3 Be7 6. e3 Na6 7. Nge2 c6 8. d4 Nb4 9. O-O exd4 10. Nxd4 Nd3 11. Rd1 Nxc1 12. Raxc1 d6 13. e4 Qc7 14. Nf5 Bxf5 15. exf5 Rfe8 16. Ne2 Bf8 17. Nf4 Re5 18. Qd3 Rae8 19. h3 Qa5 20. a3 Rxf5 21. c5 Rxf4 22. gxf4 dxc5 23. Qc3 Qc7 24. f5 Qf4 25. Qf3 Qe5 26. Re1 Qxe1+ 27. Rxe1 Rxe1+ 28. Bf1 Ne4 29. Kg2 Nd2 30. Qc3 Rxf1 31. Qxd2 Rb1 32. Qc2 Re1 33. Qc3 Re4 34. f6 b6 35. Qd3 Re6 36. Qd7 Rxf6 37. Qxa7 b5 38. Qb6 c4 39. a4 bxa4 40. Qa6 c3 41. bxc3 a3 42. c4 Rf5 43. Qa8 g6 44. Qxc6 Ra5 45. Qb6 Ra8 46. Qb7 Ra4 47. Qb5 Rb4 48. Qa6 Rb2 49. Qa8 Rc2 50. c5 a2 51. c6 Kg7 52. c7 Rxc7 53. Qxa2 Be7 54. Qb2+ Bf6 55. Qb6 Rc2 56. Qb7 Rd2 57. Kf3 Bd4 58. Ke4 Bf6 59. f3 h5 60. Ke3 Rd6 61. Qc8 Re6+ 62. Kf2 Re5 63. Kg3 h4+ 64. Kg4 Rg5+ 65. Kf4 Rg3 66. Ke4 Rg2 67. f4 Rf2 68. Ke3 Rf1 69. Ke4 Re1+ 70. Kf3 Re6 71. f5 gxf5 72. Kf4 Kg6 73. Qg8+ Bg7 74. Qd8 Re4+ 75. Kf3 Rd4 76. Qb6+ Bf6 77. Qb8 Rd3+ 78. Kg2 Rg3+ 79. Kf2 Bg7 80. Qd6+ Bf6 81. Qf8 f4 82. Qg8+ Bg7 83. Qc8 f3 84. Qc6+ Bf6 85. Qe4+ Kg7 86. Qf5 Rg6 87. Qxf3 Rg3 88. Qf5 Rg5 89. Qe4 Re5 90. Qg4+ Kf8 91. Kf3 Bg5 92. Qc8+ Kg7 93. Kg4 Bf6 94. Kf4 Rg5 95. Qc2 Rg3 96. Kf5 Rf3+ 97. Kg4 Rg3+ 98. Kf4 Rg6 99. Kf5 Rg5+ 100. Kf4 Rg6 101. Kf5 Rg5+ 102. Kf4 1/2-1/2


[Site "https://www.chess.com"]

[Event "Titled Tuesday Blitz February 15 Late 2022"]
[White "Mirzoev, Azer"]
[Black "Mekhitarian, Krikor Sevag"]
[WhiteFideId "13400304"]
[BlackFideId "2107660"]
[WhiteElo "2525"]
[BlackElo "2598"]
[Result "1/2-1/2"]
[Round "07"]
[TimeControl "180+1"]
[Date "2022.02.15"]
[WhiteClock "0:00:09"]
[BlackClock "0:00:06"]

1. d4 Nf6 2. Nf3 g6 3. g3 Bg7 4. Bg2 d5 5. O-O O-O 6. c3 b6 7. Bf4 c5 8. Nbd2 Nc6 9. Ne5 Bb7 10. Nxc6 Bxc6 11. Be5 e6 12. Re1 Rc8 13. e3 Re8 14. Rc1 Bf8 15. g4 Nd7 16. Bg3 Bg7 17. f4 Nf6 18. h3 Bb5 19. Bh4 Qc7 20. Qf3 Bd3 21. Bg3 Ne4 22. Nxe4 Bxe4 23. Qe2 Bxg2 24. Kxg2 f5 25. Qf3 b5 26. Kh2 Qb6 27. gxf5 exf5 28. Qxd5+ Kh8 29. Bf2 Red8 30. Qf3 Qe6 31. b3 c4 32. b4 Re8 33. a4 a6 34. Ra1 Bf6 35. axb5 axb5 36. Ra5 Rb8 37. Rea1 Qe4 38. Qxe4 Rxe4 39. Ra8 Ree8 40. Rxb8 Rxb8 41. Kg2 Rb7 42. Ra6 Kg7 43. Kf3 Kf7 44. e4 fxe4+ 45. Kxe4 Re7+ 46. Kf3 Rb7 47. Bg3 Be7 48. Ke4 Bf6 49. f5 Re7+ 50. Be5 Bh4 51. fxg6+ hxg6 52. Ra5 Be1 53. Rxb5 Bxc3 54. Rb6 Bb2 55. b5 c3 56. Rc6 Rb7 57. b6 c2 58. Rxc2 Rxb6 59. Rc7+ Ke8 60. Rc8+ Kf7 61. Rc7+ Ke8 62. Rc2 Rb3 63. h4 Bc3 64. Rg2 Kf7 65. Rg3 Ra3 66. Rf3+ Ke8 67. Rf6 Be1 68. Re6+ Kd7 69. Rxg6 Bxh4 70. Rg7+ Ke8 71. Rh7 Be7 72. Kf5 Ra6 73. d5 Rb6 74. Bd4 Ra6 75. Be5 Rb6 76. Rh1 Kf7 77. Rh7+ Ke8 1/2-1/2


[Site "https://www.chess.com"]

[Event "Titled Tuesday Blitz February 15 Late 2022"]
[White "Miszler, Levente"]
[Black "Antonova, Nadezhda"]
[WhiteFideId "763276"]
[BlackFideId "14700182"]
[WhiteElo "1966"]
[BlackElo "1765"]
[Result "1-0"]
[Round "07"]
[TimeControl "180+1"]
[Date "2022.02.16"]
[WhiteClock "0:00:12"]
[BlackClock "0:00:01"]

1. Nf3 Nf6 2. c4 g6 3. Nc3 Bg7 4. g3 O-O 5. Bg2 d6 6. O-O Nc6 7. Rb1 a5 8. a3 e5 9. d3 Nd4 10. b4 axb4 11. axb4 Bg4 12. e3 Nxf3+ 13. Bxf3 Bh3 14. Re1 c6 15. b5 Qd7 16. Qb3 Bg4 17. Bh1 h5 18. Bd2 h4 19. bxc6 bxc6 20. Qb7 Qxb7 21. Rxb7 hxg3 22. hxg3 Rfc8 23. Rb6 Bd7 24. Reb1 Kf8 25. Rb7 Be6 26. R7b6 d5 27. cxd5 cxd5 28. Nb5 Rc2 29. Bb4+ Kg8 30. d4 Raa2 31. Be1 Ng4 32. dxe5 Bxe5 33. Nd4 Bxd4 34. exd4 Nxf2 35. Bxf2 Rxf2 36. Rb8+ Kg7 37. Rd8 Rfd2 38. Rd6 Rxd4 39. Bg2 Rdd2 40. Bf3 Ra3 41. Rf1 Rdd3 42. Kg2 Rd2+ 43. Kg1 d4 44. Bd5 Rxg3+ 45. Kh1 Bxd5+ 46. Rxd5 Rh3+ 47. Kg1 Rhh2 48. Re1 Rdg2+ 49. Kf1 Rf2+ 50. Kg1 Rhg2+ 51. Kh1 Rh2+ 52. Kg1 Rfg2+ 53. Kf1 Rh1+ 54. Kxg2 Rxe1 55. Rxd4 Re7 56. Rd8 f5 57. Ra8 Kf6 58. Ra6+ Re6 59. Ra8 g5 60. Kf3 Rc6 61. Rf8+ Ke5 62. Re8+ Re6 63. Ra8 g4+ 64. Kg3 Rd6 65. Re8+ Kf6 66. Rf8+ Kg5 67. Rg8+ Rg6 68. Rf8 Kh5 69. Kf4 Kh4 70. Rh8+ 1-0


[Site "https://www.chess.com"]

[Event "Titled Tuesday Blitz February 15 Late 2022"]
[White "Mladenovic, Stefan"]
[Black "Batsiashvili, Nino"]
[WhiteFideId "942227"]
[BlackFideId "13602993"]
[WhiteElo "2355"]
[BlackElo "2230"]
[Result "1-0"]
[Round "07"]
[TimeControl "180+1"]
[Date "2022.02.16"]
[WhiteClock "0:02:17"]
[BlackClock "0:02:03"]

1. d4 d5 2. Bf4 c5 3. e3 Nc6 4. Nf3 Bg4 5. c3 Bxf3 6. Qxf3 Qb6 7. Qxd5 Qxb2 8. Qb3 Qc1+ 9. Ke2 O-O-O 10. g3 cxd4 11. Bh3+ 1-0


[Site "https://www.chess.com"]

[Event "Titled Tuesday Blitz February 15 Late 2022"]
[White "Moral Garcia, Serafin"]
[Black "Loay, Sameer"]
[WhiteFideId "2201925"]
[BlackFideId "8104239"]
[WhiteElo "2228"]
[BlackElo "2040"]
[Result "0-1"]
[Round "07"]
[TimeControl "180+1"]
[Date "2022.02.16"]
[WhiteClock "0:01:02"]
[BlackClock "0:01:55"]

1. c4 Nf6 2. Nc3 g6 3. g3 Bg7 4. Bg2 O-O 5. Nf3 d6 6. O-O c6 7. d3 e5 8. Rb1 Re8 9. b4 a6 10. a4 h6 11. Nd2 Be6 12. b5 axb5 13. axb5 d5 14. cxd5 cxd5 15. Nb3 Nbd7 16. Bd2 Qb6 17. Qc1 Rec8 18. Qb2 d4 19. Ne4 Nxe4 20. Bxe4 Bxb3 21. Qxb3 Nc5 22. Qb2 Nxe4 23. dxe4 Qe6 24. Rfc1 Rxc1+ 25. Rxc1 Ra2 26. Qb4 Kh7 27. Kg2 h5 28. h4 Kg8 29. Bg5 Rxe2 30. Rc7 Qg4 31. Qe7 Qxe4+ 0-1


[Site "https://www.chess.com"]

[Event "Titled Tuesday Blitz February 15 Late 2022"]
[White "Moreira, Ronaldo Alonso"]
[Black "Coelho, Ramyres Santana"]
[WhiteFideId "2110547"]
[BlackFideId "2120690"]
[WhiteElo "2037"]
[BlackElo "1888"]
[Result "0-1"]
[Round "07"]
[TimeControl "180+1"]
[Date "2022.02.16"]
[WhiteClock "0:00:02"]
[BlackClock "0:00:25"]

1. d4 Nf6 2. c4 g6 3. Nc3 d5 4. Bf4 Bg7 5. e3 O-O 6. Rc1 a6 7. Nf3 dxc4 8. Bxc4 b5 9. Bb3 Bb7 10. O-O Nbd7 11. a4 c6 12. Nb1 Rc8 13. Qe2 h6 14. Rc2 Kh7 15. Rfc1 Nb6 16. axb5 cxb5 17. Bc7 Rxc7 18. Rxc7 Ba8 19. R7c2 Ne4 20. Nbd2 f5 21. Nxe4 fxe4 22. Nd2 e5 23. dxe5 Bxe5 24. Nf1 Qg5 25. Rd2 h5 26. Rcd1 h4 27. Bc2 Nc4 28. Rd7+ Kh6 29. Bb3 Nxb2 30. Rb1 Nd3 31. Bd1 Rxf2 32. Qg4 Qxg4 33. Bxg4 Rc2 34. Ra7 Bd5 35. Rxa6 Bc3 36. Rxb5 Bc4 37. Rbb6 Bxa6 38. Rxa6 Ne1 39. Bf5 Rxg2+ 40. Kh1 Rf2 0-1


[Site "https://www.chess.com"]

[Event "Titled Tuesday Blitz February 15 Late 2022"]
[White "Moroni, Luca Jr"]
[Black "Zierk, Steven"]
[WhiteFideId "865834"]
[BlackFideId "2034255"]
[WhiteElo "2573"]
[BlackElo "2494"]
[Result "0-1"]
[Round "07"]
[TimeControl "180+1"]
[Date "2022.02.15"]
[WhiteClock "0:00:01"]
[BlackClock "0:00:17"]

1. d4 d5 2. Bf4 Nf6 3. e3 c5 4. dxc5 e6 5. b4 a5 6. c3 axb4 7. cxb4 b6 8. Bxb8 Rxb8 9. Bb5+ Ke7 10. c6 Qd6 11. a3 Ne8 12. Nf3 Nc7 13. Nc3 g6 14. O-O Bg7 15. Nd4 e5 16. Nf3 Nxb5 17. Nxb5 Qxc6 18. a4 Rd8 19. Rc1 Qe6 20. Rc7+ Rd7 21. Ng5 Qf5 22. Qxd5 Kf8 23. Rxd7 Qxd7 24. Rd1 Qxd5 25. Rxd5 h6 26. Nf3 Ra8 27. h3 Be6 28. Rd6 Rxa4 29. Nc7 e4 30. Nxe6+ fxe6 31. Nh2 Rxb4 32. Rxe6 Kf7 33. Rc6 Rb1+ 34. Nf1 b5 35. Rb6 Bc3 36. g4 b4 37. Kg2 b3 38. Ng3 b2 39. Nxe4 Bg7 40. Nd6+ Ke7 41. Nc4 Kd7 42. Rb7+ Kc6 43. Rxg7 Rg1+ 44. Kxg1 b1=Q+ 45. Kh2 Qa2 46. Ne5+ Kd5 47. Nd3 Ke4 48. Nc5+ Kf3 49. Nd3 Qa3 50. Rf7+ Ke2 51. Rd7 Qa4 52. Nf4+ Kxf2 53. Nxg6 Qxd7 54. Nf4 Kxe3 55. Ng2+ Kf2 0-1


[Site "https://www.chess.com"]

[Event "Titled Tuesday Blitz February 15 Late 2022"]
[White "Moskalenko, Alexander"]
[Black "Tregubov, Pavel V."]
[WhiteFideId "4155351"]
[BlackFideId "4115341"]
[WhiteElo "2515"]
[BlackElo "2341"]
[Result "1-0"]
[Round "07"]
[TimeControl "180+1"]
[Date "2022.02.15"]
[WhiteClock "0:01:23"]
[BlackClock "0:00:19"]

1. d4 Nf6 2. Bf4 d5 3. e3 c5 4. Nf3 Nc6 5. Nbd2 cxd4 6. exd4 Bf5 7. c3 e6 8. Qb3 Qc8 9. Nh4 Be4 10. Nxe4 Nxe4 11. Nf3 Bd6 12. Bxd6 Nxd6 13. Bd3 O-O 14. O-O Rb8 15. a4 a6 16. a5 Qc7 17. Qa4 Rfe8 18. Rfe1 h6 19. h4 Ne7 20. g3 Rbc8 21. Ne5 Nc6 22. Nf3 Na7 23. Re2 Nc4 24. Ne5 Nb5 25. Nxc4 dxc4 26. Be4 e5 27. Bf5 Rcd8 28. Rae1 Nd6 29. Bb1 f6 30. dxe5 fxe5 31. Rxe5 Rxe5 32. Rxe5 Qf7 33. Qc2 Kf8 34. Qh7 Qf6 35. Re1 Nf7 36. Bg6 Rd2 37. Qg8+ 1-0


[Site "https://www.chess.com"]

[Event "Titled Tuesday Blitz February 15 Late 2022"]
[White "Musovic, Armin"]
[Black "Kavyev, Ruslan"]
[WhiteFideId "939935"]
[BlackFideId "34110981"]
[WhiteElo "2250"]
[BlackElo "2182"]
[Result "1-0"]
[Round "07"]
[TimeControl "180+1"]
[Date "2022.02.15"]
[WhiteClock "0:00:11"]
[BlackClock "0:00:08"]

1. a3 Nf6 2. Nc3 g6 3. e4 d5 4. e5 Ne4 5. Nxe4 dxe4 6. d4 exd3 7. Bxd3 Nc6 8. f4 Bg7 9. Nf3 O-O 10. O-O f6 11. Bc4+ Kh8 12. e6 h6 13. Qe2 Nd4 14. Nxd4 Qxd4+ 15. Kh1 f5 16. Re1 a6 17. c3 Qf6 18. Ba2 b5 19. Bd5 Rb8 20. Qf3 c6 21. Bxc6 Bxe6 22. Be3 Bc4 23. Ba7 Rbd8 24. Bb7 Rd2 25. Qe3 Rfd8 26. Bd4 R8xd4 27. cxd4 Rxb2 28. Qxe7 Qxd4 29. Rad1 Qxf4 30. Rd7 Bf7 31. Qxf7 Qe5 32. Re7 Qc3 33. Re8+ Kh7 34. Qg8# 1-0


[Site "https://www.chess.com"]

[Event "Titled Tuesday Blitz February 15 Late 2022"]
[White "Niemann, Hans Moke"]
[Black "Corrales Jimenez, Fidel"]
[WhiteFideId "2093596"]
[BlackFideId "3506690"]
[WhiteElo "2636"]
[BlackElo "2541"]
[Result "1/2-1/2"]
[Round "07"]
[TimeControl "180+1"]
[Date "2022.02.15"]
[WhiteClock "0:00:39"]
[BlackClock "0:00:07"]

1. d4 Nf6 2. Nc3 d5 3. Bf4 g6 4. e3 Bg7 5. Nb5 Na6 6. Nf3 c6 7. Nc3 Bg4 8. Be2 O-O 9. O-O Nc7 10. a4 Rc8 11. a5 Re8 12. Be5 a6 13. Na4 Nd7 14. Bg3 Bxf3 15. Bxf3 e5 16. c3 Qe7 17. Re1 h5 18. h3 Rcd8 19. Qb3 Nb5 20. Qd1 f5 21. Bh2 e4 22. Be2 h4 23. c4 dxc4 24. Bxc4+ Kh7 25. Qb3 Nf6 26. Nc3 g5 27. Ne2 f4 28. exf4 g4 29. f5 Nxd4 30. Nxd4 Rxd4 31. Be6 g3 32. fxg3 Rd3 33. Qc2 hxg3 34. Bxg3 Rxg3 35. Qf2 Qd6 36. Rad1 Qe5 37. Bf7 Re7 38. Bg6+ Kh6 39. Re3 Rxg6 40. fxg6 Nd5 41. Qh4+ Qh5 42. Qxh5+ Kxh5 43. Re2 Kxg6 44. g3 e3 45. Kg2 Re4 46. Kf3 Rb4 47. h4 Rb3 48. g4 Rb4 49. Rg2 Rf4+ 50. Ke2 Rb4 51. Kf3 Rf4+ 52. Ke2 Rb4 53. Kf3 1/2-1/2


[Site "https://www.chess.com"]

[Event "Titled Tuesday Blitz February 15 Late 2022"]
[White "Novikova, Galina"]
[Black "Senthil Maran K"]
[WhiteFideId "4157095"]
[BlackFideId "25035681"]
[WhiteElo "1863"]
[BlackElo "2194"]
[Result "0-1"]
[Round "07"]
[TimeControl "180+1"]
[Date "2022.02.16"]
[WhiteClock "0:00:03"]
[BlackClock "0:00:51"]

1. e4 c5 2. Nf3 g6 3. d4 cxd4 4. Nxd4 Nc6 5. Nc3 Bg7 6. Be3 Nf6 7. Nxc6 bxc6 8. e5 Ng8 9. Bd4 Qa5 10. f4 f6 11. Bc4 fxe5 12. fxe5 Bxe5 13. Qd3 Bxd4 14. Qxd4 Nf6 15. O-O-O d5 16. Rhe1 O-O 17. Qe5 Bg4 18. Rd4 Rae8 19. h3 Bc8 20. g4 Qd8 21. g5 Nh5 22. Nxd5 cxd5 23. Bxd5+ e6 24. Bxe6+ Rxe6 25. Rxd8 Rxe5 26. Rxf8+ Kxf8 27. Rxe5 Bxh3 28. Ra5 Nf4 29. Rxa7 Kg8 30. a4 h6 31. gxh6 g5 32. Rg7+ Kh8 33. Rxg5 Ne6 34. Re5 Nc7 35. a5 Bf1 36. b4 Na6 37. c3 Kh7 38. Kb2 Kxh6 39. Kb3 Kg6 40. b5 Kf6 41. Re1 Bxb5 42. c4 Bc6 43. Rh1 Bxh1 44. Ka4 Bc6+ 45. Kb3 Ke5 46. Kc3 Ke4 47. c5 Kd5 48. Kd3 Kxc5 49. Kc3 Kb5 50. Kd3 Kxa5 51. Kd4 Kb5 52. Ke5 Kc5 53. Kf4 Kd4 54. Kf5 Nc5 55. Kf4 Be4 56. Kg5 Ke5 57. Kg4 Ne6 58. Kh5 Kf5 59. Kh6 Bf3 60. Kh7 Kg5 61. Kg8 Kg6 62. Kh8 Be4 63. Kg8 Kf6 64. Kh8 Ng5 65. Kg8 Nf7 66. Kf8 Bh7 67. Ke8 Ne5 68. Kf8 Nd7+ 69. Ke8 Ke6 70. Kd8 Kd6 71. Ke8 Bg6+ 72. Kd8 Nc5 73. Kc8 Bh5 74. Kd8 Nb7+ 75. Kc8 Kc6 76. Kb8 Kb6 77. Kc8 Bg4+ 78. Kb8 Na5 79. Ka8 Bf5 80. Kb8 Nc6+ 81. Ka8 Nb4 82. Kb8 Na6+ 83. Ka8 Be4# 0-1


[Site "https://www.chess.com"]

[Event "Titled Tuesday Blitz February 15 Late 2022"]
[White "P., Komal Kishore"]
[Black "Prohorov, Olexandr"]
[WhiteFideId "5016703"]
[BlackFideId "14105578"]
[WhiteElo "2088"]
[BlackElo "1993"]
[Result "0-1"]
[Round "07"]
[TimeControl "180+1"]
[Date "2022.02.16"]
[WhiteClock "0:00:16"]
[BlackClock "0:00:45"]

1. e4 c5 2. Nf3 e6 3. c3 Nf6 4. e5 Nd5 5. d4 cxd4 6. cxd4 d6 7. exd6 Qxd6 8. Nc3 Nc6 9. Be2 Be7 10. O-O O-O 11. a3 a6 12. Ne4 Qd8 13. Bd3 b6 14. Bc2 Bb7 15. Qd3 g6 16. Bh6 Re8 17. b4 Nf6 18. Nxf6+ Bxf6 19. Rac1 Nxd4 20. Nxd4 Qxd4 21. Rfd1 Qg4 22. f3 Qh5 23. Be3 Rad8 24. Qe2 b5 25. Bb6 Rxd1+ 26. Qxd1 Bd5 27. Bb3 Bxb3 28. Qxb3 Qg5 29. Rc7 Rd8 30. Rc5 Bd4+ 31. Kf1 Bxc5 32. Bxd8 Qc1+ 33. Ke2 Bf8 34. Bf6 Bg7 35. Be7 Qg1 36. Qd3 h5 37. Qd8+ Kh7 38. Qe8 Qxg2+ 39. Ke3 Qg1+ 40. Kf4 Qxh2+ 41. Ke4 f5+ 42. Ke3 Qg1+ 43. Kf4 Bh6+ 44. Ke5 Qe3+ 45. Kf6 Qd4+ 46. Kxe6 Bg7 47. Qf7 Qc4+ 0-1


[Site "https://www.chess.com"]

[Event "Titled Tuesday Blitz February 15 Late 2022"]
[White "Papayan, Oleg"]
[Black "Csonka, Balazs"]
[WhiteFideId "4193911"]
[BlackFideId "742910"]
[WhiteElo "2038"]
[BlackElo "2404"]
[Result "0-1"]
[Round "07"]
[TimeControl "180+1"]
[Date "2022.02.16"]
[WhiteClock "0:00:01"]
[BlackClock "0:00:03"]

1. e4 e5 2. Nf3 Nc6 3. Bb5 a6 4. Bxc6 dxc6 5. O-O Bg4 6. h3 h5 7. d3 Qf6 8. Nbd2 g5 9. Re1 Be6 10. d4 g4 11. Nxe5 gxh3 12. Qf3 hxg2 13. Qxf6 Nxf6 14. Kxg2 O-O-O 15. Ndf3 Bg7 16. Bf4 Rdg8 17. Kf1 Ng4 18. Ke2 h4 19. Rh1 h3 20. Rag1 Nxe5 21. Nxe5 Bf8 22. Rxg8 Rxg8 23. b3 Bd6 24. c4 c5 25. Nd3 Bxf4 26. Nxf4 cxd4 27. Nxe6 fxe6 28. Rxh3 Rf8 29. e5 Rf5 30. f4 Rxf4 31. Rh5 Rf5 32. Rxf5 exf5 33. Kf3 Kd7 34. Kf4 Ke6 35. c5 d3 36. b4 d2 37. c6 bxc6 0-1


[Site "https://www.chess.com"]

[Event "Titled Tuesday Blitz February 15 Late 2022"]
[White "Paravyan, David"]
[Black "Kamsky, Gata"]
[WhiteFideId "4194985"]
[BlackFideId "2000024"]
[WhiteElo "2569"]
[BlackElo "2645"]
[Result "1-0"]
[Round "07"]
[TimeControl "180+1"]
[Date "2022.02.15"]
[WhiteClock "0:02:54"]
[BlackClock "0:02:14"]

1. e4 e5 2. Nf3 Nc6 3. Nc3 Nf6 4. d4 exd4 5. Nxd4 Bb4 6. Nxc6 bxc6 7. Bd3 d5 8. exd5 cxd5 9. O-O O-O 10. Bg5 c6 11. Qf3 h6 12. Bxf6 Qxf6 13. Qxf6 gxf6 14. Ne2 a5 15. Nd4 c5 16. a3 Bd2 17. Nb3 c4 18. Bxc4 dxc4 19. Nxd2 1-0


[Site "https://www.chess.com"]

[Event "Titled Tuesday Blitz February 15 Late 2022"]
[White "Petrova, Irina"]
[Black "Adewumi, Tanitoluwa"]
[WhiteFideId "14124122"]
[BlackFideId "30966396"]
[WhiteElo "1988"]
[BlackElo "2533"]
[Result "0-1"]
[Round "07"]
[TimeControl "180+1"]
[Date "2022.02.16"]
[WhiteClock "0:00:08"]
[BlackClock "0:00:04"]

1. e4 g6 2. d4 Bg7 3. Nc3 c6 4. f4 d5 5. e5 h5 6. Nf3 Bg4 7. Be2 Bxf3 8. Bxf3 e6 9. O-O Nh6 10. Be3 Nf5 11. Bf2 Nd7 12. Ne2 Bf8 13. g3 Qb6 14. b3 Be7 15. c4 O-O 16. c5 Qa6 17. Nc3 b6 18. Be2 Qb7 19. b4 a5 20. a3 Rfb8 21. h3 axb4 22. axb4 Rxa1 23. Qxa1 bxc5 24. bxc5 Ra8 25. Qc1 Bd8 26. g4 hxg4 27. hxg4 Ng7 28. Kg2 Qb4 29. Rh1 Ra3 30. Nb1 Ra2 31. Qe3 g5 32. Qh3 Kf8 33. Qh8+ Ke7 34. Qxg7 Rxe2 35. Qxg5+ Nf6 36. Qxf6+ Kd7 37. Qxf7+ Be7 38. Rf1 Qxd4 39. Na3 Qe4+ 40. Kg1 Qf3 41. Qh5 Qxf4 42. Qh3 Qe4 43. Qg2 Qg6 44. Nb1 Re4 45. Bg3 Rxg4 46. Rf3 Bh4 47. Nd2 Bxg3 48. Kf1 Bxe5 49. Qh1 Bd4 50. Nb3 Rg1+ 51. Ke2 Rxh1 52. Nxd4 Rh2+ 53. Ke3 Qe4# 0-1


[Site "https://www.chess.com"]

[Event "Titled Tuesday Blitz February 15 Late 2022"]
[White "Petrovic, Aleksa"]
[Black "Li, Hui"]
[WhiteFideId "967629"]
[BlackFideId "15400310"]
[WhiteElo "2139"]
[BlackElo "1954"]
[Result "1-0"]
[Round "07"]
[TimeControl "180+1"]
[Date "2022.02.16"]
[WhiteClock "0:00:09"]
[BlackClock "0:00:02"]

1. e4 e5 2. Nf3 Nf6 3. Nxe5 d6 4. Nf3 Nxe4 5. Bd3 Nf6 6. O-O Be7 7. Re1 O-O 8. h3 b6 9. c3 Bb7 10. Bc2 Nbd7 11. d4 Re8 12. Bg5 Nd5 13. Qd3 g6 14. Bd2 Bf8 15. Na3 Rxe1+ 16. Rxe1 Bg7 17. Nb1 Qf8 18. c4 N5f6 19. Nc3 Re8 20. Rxe8 Qxe8 21. b3 a6 22. Bg5 h6 23. Bxf6 Nxf6 24. d5 Bc8 25. Qe2 Kf8 26. Kf1 Bd7 27. a4 Qe7 28. Qxe7+ Kxe7 29. Nd4 Nh5 30. Nce2 Be5 31. Nf3 Bg7 32. g4 Nf6 33. Nfd4 Nh7 34. f4 h5 35. gxh5 Bxh3+ 36. Kf2 Nf8 37. hxg6 Nxg6 38. Kg3 Bd7 39. Bf5 Be8 40. Bxg6 fxg6 41. Kg4 Bf6 42. Kf3 Bd7 43. Ke4 g5 44. fxg5 Bxg5 45. Nf5+ Kd8 46. Ned4 Be7 47. Nc6+ Bxc6 48. dxc6 Bf6 49. Kd5 Bc3 50. Ke6 Bb4 51. Kf7 Bc5 52. Ng7 1-0


[Site "https://www.chess.com"]

[Event "Titled Tuesday Blitz February 15 Late 2022"]
[White "Pichot, Alan"]
[Black "Wieczorek, Oskar"]
[WhiteFideId "110973"]
[BlackFideId "1133950"]
[WhiteElo "2543"]
[BlackElo "2319"]
[Result "1-0"]
[Round "07"]
[TimeControl "180+1"]
[Date "2022.02.15"]
[WhiteClock "0:01:32"]
[BlackClock "0:00:59"]

1. e4 c5 2. Nf3 g6 3. c3 d5 4. e5 Nc6 5. h3 Bg7 6. d4 f6 7. Bb5 Qb6 8. a4 a6 9. dxc5 Qc7 10. Be2 fxe5 11. Qxd5 Nf6 12. Qb3 e4 13. Ng5 e5 14. Nd2 e3 15. fxe3 e4 16. Ngxe4 Nxe4 17. Nxe4 Be5 18. O-O Qe7 19. Nd6+ Bxd6 20. cxd6 Qxd6 21. Qf7+ 1-0


[Site "https://www.chess.com"]

[Event "Titled Tuesday Blitz February 15 Late 2022"]
[White "Pinto, Daniel"]
[Black "Yang, Kaiqi"]
[WhiteFideId "3303144"]
[BlackFideId "8604398"]
[WhiteElo "1938"]
[BlackElo "2373"]
[Result "0-1"]
[Round "07"]
[TimeControl "180+1"]
[Date "2022.02.16"]
[WhiteClock "0:00:03"]
[BlackClock "0:00:06"]

1. e4 c5 2. Nf3 Nf6 3. e5 Nd5 4. Nc3 Nxc3 5. dxc3 Nc6 6. Bc4 e6 7. Bf4 Qb6 8. b3 Qc7 9. Qd2 a6 10. a4 b6 11. h4 Bb7 12. h5 h6 13. Rd1 Ne7 14. Qe2 Nd5 15. Bd2 Be7 16. Bd3 d6 17. Rh3 dxe5 18. Nxe5 Bf6 19. f4 Ne7 20. Be4 Rd8 21. Bxb7 Qxb7 22. Rd3 Rxd3 23. cxd3 O-O 24. c4 Rd8 25. Bc3 Nf5 26. g4 Nd4 27. Qf1 Bxe5 28. fxe5 b5 29. axb5 axb5 30. Bxd4 Rxd4 31. Ra1 bxc4 32. bxc4 Qb4+ 33. Ke2 Qb2+ 34. Ke3 Rd8 35. Ra7 Qd4+ 36. Kd2 Qb2+ 37. Kd1 Qb1+ 38. Kd2 Qxf1 0-1


[Site "https://www.chess.com"]

[Event "Titled Tuesday Blitz February 15 Late 2022"]
[White "Qashashvili, Alexandre"]
[Black "Chernomordik, Pavel"]
[WhiteFideId "13600842"]
[BlackFideId "2804530"]
[WhiteElo "2316"]
[BlackElo "2249"]
[Result "0-1"]
[Round "07"]
[TimeControl "180+1"]
[Date "2022.02.16"]
[WhiteClock "0:00:05"]
[BlackClock "0:00:53"]

1. e4 g6 2. Nc3 Bg7 3. Nf3 d6 4. d4 a6 5. Be3 b5 6. Qd2 Bb7 7. Bd3 Nd7 8. a3 c5 9. dxc5 Nxc5 10. h3 Qc7 11. O-O Nf6 12. Bh6 O-O 13. Bxg7 Kxg7 14. Rfe1 Rac8 15. Re2 e5 16. Rd1 Ne6 17. Ree1 Rfd8 18. Nh2 Nc5 19. Ng4 Nxg4 20. hxg4 Ne6 21. f3 Rh8 22. Ne2 h5 23. gxh5 Qc5+ 24. Kf1 Rxh5 25. Ng3 Rh2 26. Qe3 Qc7 27. Kf2 Nf4 28. Rg1 Nh3+ 29. Kf1 Nxg1 30. Kxg1 Rch8 31. Qg5 f6 32. Qe3 Qc5 33. Qxc5 dxc5 34. c4 Bc6 35. cxb5 axb5 36. Bc2 R2h7 37. Rd6 Rc8 38. Ne2 Kf7 39. Nc3 Ke7 40. Rd2 Rhh8 41. Nd5+ Bxd5 42. exd5 Kd6 43. Bxg6 c4 44. Bf5 Rc5 45. Be6 c3 46. bxc3 Rxc3 47. Rb2 Rb8 48. Ra2 Ra8 0-1


[Site "https://www.chess.com"]

[Event "Titled Tuesday Blitz February 15 Late 2022"]
[White "Reprintsev, Alexander"]
[Black "Ladan, Nicholas"]
[WhiteFideId "14100541"]
[BlackFideId "30918855"]
[WhiteElo "2126"]
[BlackElo "2345"]
[Result "0-1"]
[Round "07"]
[TimeControl "180+1"]
[Date "2022.02.16"]
[WhiteClock "0:00:44"]
[BlackClock "0:01:22"]

1. e4 e5 2. f4 exf4 3. Bc4 Qh4+ 4. Kf1 Nc6 5. Nf3 Qd8 6. Nc3 Nf6 7. Qe2 Bb4 8. Nd5 O-O 9. Nxb4 Nxb4 10. Bb3 a5 11. e5 a4 12. Bc4 d5 13. exf6 Re8 14. Qd1 dxc4 15. a3 Nd5 16. fxg7 Ne3+ 17. Kf2 Nxd1+ 18. Rxd1 Bg4 19. d4 Bxf3 20. Kxf3 Qd5+ 21. Kxf4 Re4+ 22. Kg3 Rae8 23. Bf4 Rxf4 24. Kxf4 Qe4+ 25. Kg3 Qe3+ 26. Kh4 Re4+ 27. g4 Qf2+ 28. Kh5 Qxh2+ 29. Kg5 Qf4+ 0-1


[Site "https://www.chess.com"]

[Event "Titled Tuesday Blitz February 15 Late 2022"]
[White "Riehle, Marco"]
[Black "Indjic, Aleksandar"]
[WhiteFideId "12904392"]
[BlackFideId "911925"]
[WhiteElo "2462"]
[BlackElo "2616"]
[Result "0-1"]
[Round "07"]
[TimeControl "180+1"]
[Date "2022.02.15"]
[WhiteClock "0:00:02"]
[BlackClock "0:00:21"]

1. d4 Nf6 2. Nf3 e6 3. e3 b6 4. Bd3 Bb7 5. c4 d5 6. O-O Nbd7 7. Nbd2 Bd6 8. b3 O-O 9. Bb2 Ne4 10. Ne5 f5 11. f3 Nxd2 12. Qxd2 Nxe5 13. dxe5 Bc5 14. Bd4 Bxd4 15. exd4 dxc4 16. Bxc4 Qe7 17. Rac1 Rad8 18. Rfd1 Bd5 19. Qc3 Bxc4 20. Qxc4 Rd7 21. Qa6 Rfd8 22. Qxa7 h6 23. h3 Kh7 24. Qa4 c5 25. Qc6 cxd4 26. Qxb6 d3 27. Rc6 d2 28. Rxe6 Qh4 29. Qf2 Qb4 30. Kh2 Ra8 31. f4 Rxa2 32. Qg3 Rd8 33. h4 Kh8 34. h5 Rc2 35. Qe3 Rc3 36. Qf2 Rc1 37. Qf3 Rxd1 38. Qxd1 Qxf4+ 39. Kg1 Qe3+ 40. Kf1 Rd4 41. g3 Qxg3 42. Rd6 Rf4+ 43. Ke2 Rf2# 0-1


[Site "https://www.chess.com"]

[Event "Titled Tuesday Blitz February 15 Late 2022"]
[White "Rorrer, Grayson"]
[Black "Degardin, Sylvain"]
[WhiteFideId "30944996"]
[BlackFideId "20623070"]
[WhiteElo "2122"]
[BlackElo "2156"]
[Result "1-0"]
[Round "07"]
[TimeControl "180+1"]
[Date "2022.02.16"]
[WhiteClock "0:01:24"]
[BlackClock "0:00:13"]

1. e4 c5 2. Nf3 d6 3. d4 cxd4 4. Nxd4 Nf6 5. Nc3 a6 6. f3 e5 7. Nb3 Be6 8. Be3 h5 9. Qd2 Be7 10. Nd5 Bxd5 11. exd5 Nbd7 12. O-O-O Qc7 13. Kb1 a5 14. a4 O-O 15. Bb5 Nb6 16. Bxb6 Qxb6 17. g4 hxg4 18. fxg4 Rfc8 19. g5 Ne4 20. Qg2 Nf2 21. g6 fxg6 22. Qxg6 Nxd1 23. Qe6+ Kh8 24. Qh3+ Kg8 25. Bd7 Bf6 26. Bxc8 Nf2 27. Be6+ Kf8 28. Qh5 Qc7 29. Rf1 Ne4 30. Qh8+ Ke7 31. Qxa8 1-0


[Site "https://www.chess.com"]